 Dungeon Crawl Stone Soup version 0.23.0-41-g86b089e62c (webtiles) character file.

Game seed: 9410449642941540428

1972 Peloso the Carver (level 9, -4/78 HPs)
             Began as a Minotaur Fighter on Feb 28, 2019.
             Was a Believer of Okawaru.
             Hit by a tomahawk thrown by an orc warrior (10 damage)
             ... on level 7 of the Dungeon.
             The game lasted 00:09:43 (5379 turns).

Peloso the Carver (Minotaur Fighter)                Turns: 5379, Time: 00:09:43

Health: -4/78      AC: 18    Str: 22    XL:     9   Next: 0%
Magic:  8/8        EV:  8    Int:  5    God:    Okawaru [**....]
Gold:   124        SH: 11    Dex: 12    Spells: 8/8 levels left

rFire    + . .     SeeInvis .   a - +3 falchion (holy)
rCold    x . .     Gourm    .   c - +0 shield
rNeg     . . .     Faith    .   J - +4 chain mail
rPois    .         Spirit   .   (helmet restricted)
rElec    .         Reflect  .   k - +1 cloak
rCorr    .         Harm     .   F - +0 pair of gloves
MR       +....                  (no boots)
Stlth    ..........             (no amulet)
HPRegen  0.23/turn              B - ring of protection from magic
MPRegen  0.11/turn              m - ring of fire

@: no status effects
A: retaliatory headbutt, horns 2
a: Heroism, Renounce Religion


You were on level 7 of the Dungeon.
You worshipped Okawaru.
Okawaru was pleased with you.
You were hungry.

You visited 2 branches of the dungeon, and saw 8 of its levels.

You collected 362 gold pieces.
You spent 238 gold pieces at shops.

Inventory:

Hand Weapons
 a - a +3 falchion of holy wrath (weapon)
Armour
 c - a +0 shield (worn)
 k - a +1 cloak (worn)
 n - a scarf of repulsion
 F - a +0 pair of gloves (worn)
 J - a +4 chain mail (worn)
Jewellery
 j - a +3 ring of intelligence
 m - a ring of fire (right hand)
 o - a +4 ring of intelligence
 B - a ring of protection from magic (left hand)
 E - an uncursed amulet of the gourmand {unknown}
Wands
 v - a wand of flame (34)
 H - a wand of paralysis (7)
Scrolls
 e - 6 scrolls of enchant armour {unknown}
 h - 2 scrolls of random uselessness {unknown}
 i - 14 scrolls of identify
 p - 2 scrolls of teleportation
 q - a scroll of immolation {unknown}
 s - 2 scrolls of enchant weapon
 w - 2 scrolls of remove curse {unknown}
 y - a scroll of amnesia {unknown}
 A - 2 scrolls of magic mapping {unknown}
 D - a scroll of fear {unknown}
 G - a scroll of blinking {unknown}
Potions
 d - 2 potions of might
 g - 3 potions of agility
 l - 2 potions of degeneration {unknown}
 r - a potion of heal wounds {unknown}
 t - 3 potions of lignification {unknown}
 u - a potion of mutation {unknown}
 x - a potion of haste {unknown}
 z - a potion of invisibility {unknown}
 C - 3 potions of curing
Comestibles
 f - 14 rations


   Skills:
 + Level 6.8 Fighting
 + Level 8.5 Long Blades
 + Level 6.7 Armour
 + Level 3.8 Dodging
 + Level 0.5 Stealth
 + Level 7.4 Shields


You had 8 spell levels left.
You didn't know any spells.
Your spell library contained the following spells:

 Spells                   Type           Power        Failure   Level  Hunger
 Malign Gateway           Summ/Tloc      #.........   100%        7    #######
 Monstrous Menagerie      Summ           #.........   100%        7    #######
 Summon Greater Demon     Summ           #.........   100%        7    #######
 Summon Horrible Things   Summ           #.........   100%        8    #######


Dungeon Overview and Level Annotations

Branches:
Dungeon (7/15)             Temple (1/1) D:5

Altars:
Ashenzari
Cheibriados
Dithmenos
Elyvilon
Fedhas
Kikubaaqudgha
Makhleb
Nemelex Xobeh
Okawaru
Ru
Trog
Uskayaw
Vehumet
Wu Jian
Xom
Yredelemnul
The Shining One

Shops:
D:5 *


Innate Abilities, Weirdness & Mutations

You reflexively headbutt those who attack you in melee.
You have a pair of horns on your head.


Message History

The orc warrior is heavily wounded.
The orc warrior hits you but does no damage.
The gnoll hits you from afar with a +0 halberd.
Unknown command.
The orc warrior blocks your attack.
You headbutt the orc warrior.
The orc warrior is severely wounded.
The orc warrior hits you but does no damage.
The gnoll closely misses you.
Unknown command.
The orc warrior blocks your attack.
The orc warrior is severely wounded.
The orc warrior hits you with a +0 war axe!
* * * LOW HITPOINT WARNING * * *
The orc priest mumbles some strange prayers to Beogh against you.
Beogh smites you!
* * * LOW HITPOINT WARNING * * *
You hear a shout!
The orc priest looks satisfied for a moment.
The orc warrior throws a tomahawk.
The tomahawk hits you!
You die...

#####.# #.....# #
#.....# .# .(..#.[.
#.....##[#........
#....o.....###...# .
#...ogoo...o.#...####.
#o# #. #.....#..
#)##.#.# #.#......
#@##.#[###.##....#
######.................
#.......#.##......<###.
#.......#.....#.#.####.
#.............#........
#.....(.#...).#.......#
#.......#...).#...##..#
#.......#...[.#...##..#
#.............#...##..#


You could see an orc warrior, an orc priest, an orc wizard, a gnoll and an orc.

Vanquished Creatures
  Grinder (D:5)
  Sigmund (D:3)
  Eustachio (D:4)
  A water moccasin (D:6)
  An ice beast (D:6)
  2 orc warriors
  2 centaurs (D:5)
  An ogre (D:5)
  A bullfrog (D:6)
  A wyvern skeleton (D:6)
  A scorpion (D:7)
  A howler monkey (D:6)
  A bullfrog zombie (D:7)
  A crimson imp (D:6)
  A quasit (D:5)
  2 hounds (D:6)
  3 orc wizards (D:6)
  An orc priest (D:7)
  Ijyb (D:5)
  An iguana (D:6)
  6 worker ants
  A killer bee zombie (D:5)
  A hound zombie (D:6)
  A worker ant zombie (D:5)
  2 gnolls (D:7)
  6 adders
  4 oozes
  4 worms (D:2)
  2 dart slugs
  A leopard gecko (D:1)
  5 orcs
  6 bats
  4 giant cockroaches
  6 hobgoblins
  6 jackals
  5 quokkas
  4 ball pythons
  2 frilled lizards
  5 goblins
  3 kobolds
  9 rats
108 creatures vanquished.

Notes
Turn   | Place    | Note
-------+----------+-------------------------------------------
     0 | D:1      | Peloso the Minotaur Fighter began the quest for the Orb.
     0 | D:1      | Reached XP level 1. HP: 19/19 MP: 0/0
   119 | D:1      | Reached XP level 2. HP: 20/27 MP: 1/1
   744 | D:2      | Reached XP level 3. HP: 26/33 MP: 2/2
   816 | D:2      | Found a radiant altar of Vehumet.
   816 | D:2      | Found a burning altar of Makhleb.
   967 | D:2      | Reached skill level 3 in Long Blades
   969 | D:2      | Noticed a moth of wrath
  1443 | D:2      | Found a bloodstained altar of Trog.
  1464 | D:2      | Reached XP level 4. HP: 31/40 MP: 3/3
  1560 | D:2      | Reached skill level 1 in Dodging
  1755 | D:3      | Found a blossoming altar of Fedhas.
  1756 | D:3      | Found a shadowy altar of Dithmenos.
  1756 | D:3      | Found a shattered altar of Ashenzari.
  1756 | D:3      | Found a hide-covered altar of Uskayaw.
  1931 | D:3      | Noticed Sigmund
  1962 | D:3      | Killed Sigmund
  1962 | D:3      | Reached skill level 4 in Long Blades
  1962 | D:3      | Reached XP level 5. HP: 18/47 MP: 4/4
  2165 | D:3      | Reached XP level 6. HP: 53/53 MP: 5/5
  2638 | D:4      | Noticed Eustachio
  2721 | D:4      | Killed Eustachio
  2721 | D:4      | Reached skill level 5 in Long Blades
  2721 | D:4      | Reached skill level 5 in Armour
  2721 | D:4      | Reached skill level 5 in Shields
  2963 | D:5      | Entered Level 5 of the Dungeon
  3006 | D:5      | Reached skill level 5 in Fighting
  3072 | D:5      | Found a staircase to the Ecumenical Temple.
  3203 | Temple   | Entered the Ecumenical Temple
  3212 | Temple   | Became a worshipper of Warmaster Okawaru
  3269 | D:5      | Found Zaemiod's General Store.
  3278 | D:5      | Bought a scroll of identify for 28 gold pieces
  3278 | D:5      | Bought a scroll of enchant weapon for 105 gold pieces
  3278 | D:5      | Bought a scroll of teleportation for 42 gold pieces
  3278 | D:5      | Bought a cursed ring of teleportation for 63 gold pieces
  3309 | D:5      | Noticed Ijyb
  3321 | D:5      | Killed Ijyb
  3321 | D:5      | Reached XP level 7. HP: 61/61 MP: 6/6
  3378 | D:5      | Noticed Grinder
  3393 | D:5      | Paralysed by Grinder for 2 turns
  3398 | D:5      | Killed Grinder
  3398 | D:5      | Reached skill level 6 in Long Blades
  3427 | D:5      | Reached * piety under Okawaru
  3904 | D:6      | Reached XP level 8. HP: 63/70 MP: 7/7
  3918 | D:6      | Reached skill level 7 in Long Blades
  4477 | D:6      | Reached ** piety under Okawaru
  4477 | D:6      | Reached skill level 8 in Long Blades
  4954 | D:7      | HP: 3/71 [orc warrior/cursed +0 halberd (16)]
  5354 | D:7      | Reached XP level 9. HP: 64/78 MP: 8/8
  5379 | D:7      | Hit by a tomahawk thrown by an orc warrior

Skill      XL: |  1  2  3  4  5  6  7  8 |
---------------+-------------------------+-----
Armour         | 4 5 6 |  6.7
Fighting       | 4 5 6 |  6.8
Shields        | 4 5 6 7 |  7.4
Long Blades    | 3 4 5 6 8 |  8.5
Dodging        | 2 3 |  3.8
Stealth        | |  0.5

Action                   |  1- 3 |  4- 6 |  7- 9 || total
-------------------------+-------+-------+-------++-------
Melee: Long sword        |    86 |    93 |       ||   179
       Headbutt          |    13 |    18 |    34 ||    65
       Falchion          |       |    14 |   183 ||   197
  Use: Scroll            |       |       |     1 ||     1
  Eat: Chunk             |     1 |     7 |     6 ||    14
Armor: Scale mail        |    49 |    83 |    56 ||   188
       Chain mail        |       |       |    13 ||    13
Dodge: Dodged            |    37 |    56 |    55 ||   148
Block: Shield            |    56 |    80 |    85 ||   221
       Rpst.: Long sword |    12 |    12 |       ||    24
       Falchion          |       |       |    17 ||    17
